 Dungeon Crawl Stone Soup version 0.28-a0-224-g76b539d98b (webtiles) character file.

Game seed: 14068454447133262413

50706 Spaninq the Fencer (level 14, -19/126 HPs)
             Began as a Demonspawn Warper on Aug 21, 2021.
             Was the Champion of Okawaru.
             Demolished by an alligator (20 damage)
             ... on level 2 of the Swamp.
             The game lasted 01:06:46 (25269 turns).

Spaninq the Fencer (Demonspawn Warper)             Turns: 25269, Time: 01:06:46

Health: -19/126    AC: 17    Str: 16    XL:     14   Next: 20%
Magic:  0/20       EV: 17    Int: 16    God:    Okawaru [******]
Gold:   712        SH:  0    Dex: 12    Spells: 17/17 levels left

rFire   . . .      SeeInvis .   i - +5 great sword (vamp)
rCold   . . .      Faith    .   (shield currently unavailable)
rNeg    . . .      Spirit   +   R - +0 swamp dragon scales
rPois   +          Reflect  .   q - +1 helmet
rElec   .          Harm     .   (no cloak)
rCorr   .          Rampage  .   d - +0 pair of gloves
Will    +....                   y - +0 pair of boots
Stlth   +.........              O - amulet of guardian spirit
HPRegen 0.31/turn               k - +4 ring of evasion
MPRegen 0.17/turn               x - +4 ring of slaying

@: studying Bows
A: talons 2, molten scales 2, powered by death 2, powered by pain 1, robust 1
a: Renounce Religion, Heroism, Finesse, Duel


You were on level 2 of the Swamp.
You worshipped Okawaru.
Okawaru was exalted by your worship.
You visited 5 branches of the dungeon, and saw 20 of its levels.
You also visited: Sewer.

You collected 2345 gold pieces.
You spent 1633 gold pieces at shops.

Inventory:

Hand Weapons
 h - a +1 long sword of flaming
 i - a +5 vampiric great sword (weapon)
 z - a +0 shortbow
 D - the +6 triple sword of Bile {venom, Str+2 Int+4}
   (You acquired it on level 3 of the Lair of Beasts)

   It poisons the flesh of those it strikes.
   Str:       It affects your strength (+2).
   Int:       It affects your intelligence (+4).
 N - a +4 vorpal double sword
Missiles
 f - 155 arrows
 M - 6 boomerangs (quivered)
Armour
 d - a +0 pair of gloves (worn)
 q - a +1 helmet (worn)
 y - a +0 pair of boots (worn)
 Q - a +2 chain mail of willpower
 R - +0 swamp dragon scales (worn)
Jewellery
 b - a ring of fire
 k - a +4 ring of evasion (left hand)
 l - a ring of positive energy
 p - a ring of positive energy
 x - a +4 ring of slaying (right hand)
 H - a ring of flight
 O - an amulet of guardian spirit (around neck)
Wands
 a - a wand of digging (5)
 n - a wand of iceblast (29)
 G - a wand of polymorph (15)
 L - a wand of mindburst (7)
 P - a wand of paralysis (21)
Scrolls
 c - a scroll of blinking
 j - 4 scrolls of immolation
 o - 4 scrolls of enchant armour
 v - 4 scrolls of teleportation
 B - 3 scrolls of fog
 C - a scroll of amnesia
 K - 2 scrolls of magic mapping
 S - a scroll of fear
Potions
 e - a potion of curing
 g - 6 potions of lignification
 m - 4 potions of flight
 r - 4 potions of brilliance
 s - 4 potions of resistance
 t - 2 potions of invisibility
 u - a potion of cancellation
 A - a potion of mutation
 E - a potion of magic
 F - 2 potions of haste
 I - a potion of might {unknown}
 J - a potion of ambrosia {unknown}


   Skills:
 + Level 12.1 Fighting
 * Level 15.1 Long Blades
 - Level 0.8 Throwing
 + Level 8.5 Armour
 + Level 8.1 Dodging
 - Level 2.0 Spellcasting
 - Level 2.6 Translocations
 + Level 8.9 Invocations


You had 17 spell levels left.
You didn't know any spells.
Your spell library contained the following spells:

 Spells                   Type           Power      Damage    Failure   Level
 Blink                    Tloc           N/A        N/A       17%         2
 Beastly Appendage        Tmut           2%         N/A       34%         1
 Gell's Gravitas          Tloc           5%         N/A       34%         3
 Lesser Beckoning         Tloc           5%         N/A       34%         3
 Teleport Other           Tloc           10%        N/A       34%         3
 Sublimation of Blood     Necr           0%         N/A       45%         2
 Wereblood                Tmut           1%         N/A       45%         2
 Portal Projectile        Hex/Tloc       10%        N/A       52%         3
 Ignite Poison            Fire/Tmut/Pois 1%         N/A       71%         3
 Mephitic Cloud           Conj/Pois/Air  1%         N/A       71%         3
 Spider Form              Tmut/Pois      0%         N/A       71%         3
 Stone Arrow              Conj/Erth      2%         3d7       71%         3
 Manifold Assault         Tloc           10%        N/A       97%         5
 Airstrike                Air            0%         N/A       98%         4
 Petrify                  Tmut/Erth      1%         N/A       98%         4
 Blade Hands              Tmut           0%         N/A       100%        5
 Bolt of Magma            Conj/Fire/Erth 0%         4d4       100%        5
 Excruciating Wounds      Necr           0%         N/A       100%        5
 Irradiate                Conj/Tmut      0%         3d14      100%        5
 Lightning Bolt           Conj/Air       0%         1d11      100%        5
 Conjure Ball Lightning   Conj/Air       0%         3x3d6     100%        6
 Discord                  Hex            0%         N/A       100%        8
 Disjunction              Tloc           5%         N/A       100%        8
 Shatter                  Erth           0%         3d5*      100%        9
 Summon Lightning Spire   Summ/Air       Unusable   N/A       N/A         4

Dungeon Overview and Level Annotations

Branches:
Dungeon (10/15)            Temple (1/1) D:5            Lair (5/6) D:10
  Swamp (2/4) Lair:3        Snake (0/4) Lair:2          Orc (2/2) D:9
    Elf (0/3) Orc:2         Sewer (visited)
  Slime: Lair:5-6

Altars:
Ashenzari
Cheibriados
Dithmenos
Elyvilon
Fedhas
Gozag
Hepliaklqana
Kikubaaqudgha
Makhleb
Nemelex Xobeh
Okawaru
Qazlal
Ru
Sif Muna
Trog
Uskayaw
Vehumet
Wu Jian
Xom
Yredelemnul
Zin
The Shining One
Beogh

Shops:
Orc:1 (   Orc:2 :!(=?

Annotations:
D:6 1 runed translucent door, Spaninq's ghost, novice DjFE
Lair:1 exclusion: oklob plant
Lair:2 exclusion: oklob plant
Swamp:1 1 runed translucent door, Deodd's ghost, adept GrFi
Orc:1 Sonja


Innate Abilities, Weirdness & Mutations

You have razor-sharp toenails.
You are mostly covered in molten scales. (AC +3)
You regenerate health from kills.
You sometimes gain a little power by taking damage.
You are robust. (+10% HP)


Message History

* * * LOW HITPOINT WARNING * * *
The alligator closely misses you.
You feel much better.
The spriggan rider hits you from afar with a +0 spear!
* * * LOW HITPOINT WARNING * * *
The spriggan hits you with a +0 rapier!
* * * LOW HITPOINT WARNING * * *
The spriggan druid hits you with a +0 quarterstaff.
* * * LOW HITPOINT WARNING * * *
The swamp worm closely misses you. The swamp worm barely misses you.
The alligator misses you. The alligator completely misses you. x2
The alligator closely misses you.
You feel much better.
The spriggan rider hits you but does no damage.
The swamp worm closely misses you. The spriggan closely misses you.
You riposte.
You barely miss the spriggan. The spriggan druid barely misses you.
The swamp worm bites you but does no damage.
The alligator bites you!!
* * * LOW HITPOINT WARNING * * *
The alligator barely misses you. The alligator closely misses you.
The alligator tail-slaps you but does no damage.
You barely miss the alligator.
The alligator is moderately wounded.
The swamp worm misses you.
The spriggan rider hits you but does no damage.
The swamp worm barely misses you. The spriggan closely misses you.
The alligator closely misses you. x2; The alligator bites you.
* * * LOW HITPOINT WARNING * * *
The alligator completely misses you.
The spriggan druid calls out to the beasts of the wild!
You hit the alligator.
The alligator is moderately wounded.
The swamp worm closely misses you. The swamp worm completely misses you.
You riposte.
You slash the swamp worm!
You feel better.
The swamp worm is severely wounded.
The alligator closely misses you. The alligator tail-slaps you.
* * * LOW HITPOINT WARNING * * *
The spriggan rider closely misses you. The alligator bites you!!
You die...

.≈§≈.≈§♣.≈≈≈.≈≈
≈§≈≈.≈♣.≈..≈≈.≈♣
.≈.≈≈.≈.≈≈≈.≈♣♣
♣≈≈≈$≈.≈≈≈.≈≈♣
♣♣.≈≈..≈.≈.≈.♣
♣.≈..<.≈.≈.≈.♣
...≈≈.....>[.≈≈♣♣≈
..≈≈≈.≈..ti.≈≈.≈≈.
..≈≈..≈.ii@.≈♣≈
..§≈.≈.♣≈wtw≈..≈≈§
.≈)♣....≈..≈≈≈≈.≈.
♣♣.≈....≈.≈.≈.>♣♣♣
♣≈≈≈≈......≈.♣♣
........≈.♣♣
.........≈♣
..#####..≈.


You could see 2 alligators, a spriggan rider, a spriggan druid, 2 swamp worms
and a spriggan.

Vanquished Creatures
  A tentacled monstrosity (Swamp:1)
  Frances (Swamp:1)
  Gastronok (D:9)
  Azrael (Orc:2)
  An eleionoma (Swamp:1)
  Erolcha (Orc:2)
  5 hydras
  A ghost crab (Swamp:1)
  2 alligators (Swamp:1)
  4 two-headed ogres
  2 swamp dragons (Swamp:1)
  3 spriggan druids (Swamp:1)
  Pikel (D:8)
  9 orc sorcerers (Orc:2)
  A cyclops (D:9)
  4 black mambas
  Joseph (D:8)
  A molten gargoyle (Lair:5)
  4 gargoyles (D:7)
  10 cane toads
  A kobold demonologist (D:10)
  3 rime drakes
  7 komodo dragons
  3 trolls (Orc:2)
  A polar bear (Lair:2)
  3 hornets
  9 blink frogs (Lair:5)
  A shadow (D:10)
  Sigmund (D:6)
  2 wraiths (D:10)
  3 basilisks
  20 yaks
  5 spriggans
  4 wyverns
  2 fire elementals (Orc:2)
  2 steam dragons
  6 vampire mosquitoes (Swamp:1)
  A swamp worm (Swamp:1)
  Edmund (D:5)
  2 nagas (Lair:2)
  4 wargs
  17 water moccasins
  5 hell hounds (Orc:2)
  2 sky beasts
  7 orc warriors
  2 black bears (Lair:4)
  A swamp drake (Swamp:1)
  3 ice beasts
  2 necrophages (D:5)
  5 ogres
  9 wolves
  2 centaurs
  3 lemures (D:8)
  21 bullfrogs
  A scorpion (D:6)
  A water moccasin skeleton (D:5)
  7 wights
  4 killer bees (D:8)
  3 electric eels
  2 howler monkeys
  2 centaur zombies
  A lava snake (Lair:5)
  4 hounds
  A bullfrog skeleton (D:5)
  10 orc priests
  3 jellies
  3 gnoll shamans
  An iguana (D:4)
  Natasha (thrice) (D:3)
  26 orc wizards
  Robin (D:1)
  13 gnolls
  9 river rats
  19 adders
  3 white imps
  2 ufetubi (D:5)
  An adder zombie (D:5)
  5 worms
  An adder skeleton (D:4)
  2 dart slugs (D:4)
  36 orcs
  10 ball pythons
  3 bats
  4 endoplasms
  3 giant cockroaches
  18 goblins
  8 hobgoblins
  10 jackals
  3 kobolds
  5 quokkas
  8 frilled lizards
  14 rats
464 creatures vanquished.

Vanquished Creatures (others)
  A warg (Orc:2)
  A swamp worm (Swamp:1)
  14 fungi
  9 plants
25 creatures vanquished.

Grand Total: 489 creatures vanquished

Notes
Turn   | Place    | Note
-------+----------+-------------------------------------------
     0 | D:1      | Spaninq the Demonspawn Warper began the quest for the Orb.
     0 | D:1      | Reached XP level 1. HP: 16/16 MP: 3/3
   106 | D:1      | Reached skill level 1 in Armour
   117 | D:1      | Reached skill level 2 in Long Blades
   261 | D:1      | Gained mutation: You have sharp toenails. [demonic
                  | ancestry]
   261 | D:1      | Reached XP level 2. HP: 20/22 MP: 5/5
   478 | D:1      | Noticed a floating eye
   479 | D:1      | Found a faded altar of an unknown god.
   483 | D:1      | Noticed a great orb of eyes
   484 | D:1      | Noticed a great orb of eyes
   484 | D:1      | Noticed a shining eye
   513 | D:1      | Became a worshipper of Vehumet
   513 | D:1      | Reached * piety under Vehumet
   513 | D:1      | Offered knowledge of Magic Dart by Vehumet.
   514 | D:1      | Fell from the grace of Vehumet
  1185 | D:2      | Gained mutation: You are partially covered in molten
                  | scales. (AC +2) [demonic ancestry]
  1185 | D:2      | Reached XP level 3. HP: 28/28 MP: 6/6
  1331 | D:2      | Noticed Robin
  1434 | D:2      | Reached skill level 3 in Long Blades
  1445 | D:2      | Reached XP level 4. HP: 30/34 MP: 7/7
  2006 | D:1      | Killed Robin
  2435 | D:3      | Noticed an ogre
  2626 | D:3      | Noticed Natasha
  2636 | D:3      | Killed Natasha
  2637 | D:3      | Reached XP level 5. HP: 25/41 MP: 8/8
  2690 | D:3      | Killed an ogre
  2691 | D:3      | Reached skill level 4 in Long Blades
  2812 | D:3      | Gained mutation: You regenerate a little health from kills.
                  | [demonic ancestry]
  2812 | D:3      | Reached XP level 6. HP: 19/47 MP: 9/9
  2829 | D:3      | Found a glowing drain.
  2850 | Sewer    | Entered a sewer
  3871 | D:3      | Noticed Natasha
  3882 | D:3      | Killed Natasha
  4500 | D:3      | Noticed Natasha
  4503 | D:3      | Killed Natasha
  4757 | D:4      | Found a stormy altar of Qazlal.
  4758 | D:4      | Found an ancient bone altar of Kikubaaqudgha.
  4759 | D:4      | Found an opulent altar of Gozag.
  4759 | D:4      | Found a sacrificial altar of Ru.
  4759 | D:4      | Found a radiant altar of Vehumet.
  4766 | D:4      | Reached skill level 5 in Long Blades
  4769 | D:4      | Found an ornate altar of the Wu Jian Council.
  4770 | D:4      | Found an iron altar of Okawaru.
  4778 | D:4      | Became a worshipper of Warmaster Okawaru
  4930 | D:4      | Identified a scroll of acquirement
  4930 | D:4      | Acquired 727 gold pieces
  5128 | D:4      | Reached XP level 7. HP: 51/54 MP: 10/10
  5643 | D:5      | Entered Level 5 of the Dungeon
  5651 | D:5      | Noticed a wyvern
  5654 | D:5      | Killed a wyvern
  5655 | D:5      | Reached skill level 1 in Invocations
  5940 | D:5      | Was forgiven by Vehumet
  6025 | D:5      | Noticed Edmund
  6044 | D:5      | Killed Edmund
  6044 | D:5      | Reached * piety under Okawaru
  6045 | D:5      | Reached skill level 6 in Long Blades
  6045 | D:5      | Gained mutation: You regenerate health from kills. [demonic
                  | ancestry]
  6045 | D:5      | Reached XP level 8. HP: 25/61 MP: 11/11
  6286 | D:5      | Reached skill level 5 in Fighting
  7121 | D:5      | Found a staircase to the Ecumenical Temple.
  7127 | Temple   | Entered the Ecumenical Temple
  7756 | D:6      | Reached skill level 7 in Long Blades
  7799 | D:6      | Noticed Sigmund
  7811 | D:6      | Killed Sigmund
  7811 | D:6      | Reached ** piety under Okawaru
  7849 | D:6      | Reached skill level 5 in Armour
  8174 | D:6      | Reached XP level 9. HP: 63/69 MP: 12/12
  8238 | D:6      | Found a runed translucent door.
  8240 | D:6      | Noticed Spaninq's ghost (novice DjFE)
  8486 | D:6      | Identified the +6 bardiche of Azecu {holy, rC+}
  8764 | D:7      | Reached skill level 8 in Long Blades
  9052 | D:7      | Reached *** piety under Okawaru
  9055 | D:7      | Noticed a gargoyle
  9057 | D:7      | Noticed a gargoyle
  9061 | D:7      | Noticed a gargoyle
  9076 | D:7      | Killed a gargoyle
  9346 | D:7      | Noticed a gargoyle
  9354 | D:7      | Killed a gargoyle
  9355 | D:7      | Reached skill level 9 in Long Blades
  9494 | D:7      | Found a large runed translucent door.
  9494 | D:7      | Found a large runed translucent door.
  9511 | D:7      | Found a blossoming altar of Fedhas.
  9522 | D:7      | Found a bloodstained altar of Trog.
  9943 | D:7      | Noticed a gargoyle
  9958 | D:7      | Killed a gargoyle
  9972 | D:7      | Killed a gargoyle
  9973 | D:7      | Gained mutation: You are mostly covered in molten scales.
                  | (AC +3) [demonic ancestry]
  9973 | D:7      | Reached XP level 10. HP: 20/79 MP: 13/13
 10483 | D:8      | Reached **** piety under Okawaru
 10660 | D:8      | Noticed a two-headed ogre
 11203 | D:8      | Noticed a two-headed ogre
 11210 | D:8      | Killed a two-headed ogre
 11211 | D:8      | Reached skill level 10 in Long Blades
 11270 | D:8      | Killed a two-headed ogre
 11270 | D:8      | Reached ***** piety under Okawaru
 11545 | D:8      | Noticed Joseph
 11546 | D:8      | Noticed Pikel
 11555 | D:8      | Killed Joseph
 11555 | D:8      | Received a gift from Okawaru
 11574 | D:8      | Killed Pikel
 12189 | D:8      | Identified the +7 mace of Zaekhlie {holy, rF++ Str-3}
 12380 | D:9      | Found a staircase to the Orcish Mines.
 12451 | D:9      | Noticed Gastronok
 12467 | D:9      | Killed Gastronok
 12468 | D:9      | Reached skill level 5 in Invocations
 12468 | D:9      | Gained mutation: You sometimes gain a little power by
                  | taking damage. [demonic ancestry]
 12468 | D:9      | Reached XP level 11. HP: 60/87 MP: 12/15
 12590 | D:9      | Noticed a two-headed ogre
 12598 | D:9      | Killed a two-headed ogre
 12599 | D:9      | Reached skill level 11 in Long Blades
 13772 | D:10     | Entered Level 10 of the Dungeon
 13936 | D:10     | Noticed a two-headed ogre
 13971 | D:10     | Killed a two-headed ogre
 13971 | D:10     | Received a gift from Okawaru
 14301 | D:10     | Found a staircase to the Lair.
 14692 | Lair:1   | Entered Level 1 of the Lair of Beasts
 15135 | Lair:1   | Received a gift from Okawaru
 15397 | Lair:1   | Reached skill level 12 in Long Blades
 15504 | Lair:1   | Noticed an oklob plant
 16031 | Lair:1   | Reached XP level 12. HP: 89/97 MP: 17/17
 16146 | Lair:2   | Found a staircase to the Snake Pit.
 16598 | Lair:2   | Noticed a four-headed hydra
 16618 | Lair:2   | Killed a one-headed hydra
 16785 | Lair:2   | Noticed a six-headed hydra
 16805 | Lair:2   | Killed a one-headed hydra
 16805 | Lair:2   | Identified the -4 pair of boots of the Iron Devil {-Cast
                  | Drain rPois Dex+7} (Okawaru gifted it to you on level 2 of
                  | the Lair of Beasts)
 16805 | Lair:2   | Received a gift from Okawaru
 16822 | Lair:2   | Reached skill level 10 in Fighting
 17158 | Lair:2   | Reached skill level 5 in Dodging
 17627 | Lair:2   | Reached skill level 13 in Long Blades
 17789 | Lair:3   | Noticed a four-headed hydra
 17798 | Lair:3   | Killed a one-headed hydra
 17872 | Lair:3   | Found a staircase to the Swamp.
 17880 | Lair:3   | Acquired the +6 triple sword of Bile {venom, Str+2 Int+4}
 18520 | Lair:3   | Found the +8 whip "Snakebite" {venom, curare, rPois}
 19385 | Lair:4   | Noticed a four-headed hydra
 19390 | Lair:4   | Killed a one-headed hydra
 19657 | Lair:4   | Identified the +3 leather armour "Meits" {rF- Str+3 Stlth+}
 20031 | Lair:5   | Identified the +1 ring mail of Focus {Rampage Int+2 Slay+2}
                  | (Okawaru gifted it to you on level 5 of the Lair of Beasts)
 20031 | Lair:5   | Received a gift from Okawaru
 20032 | Lair:5   | Gained mutation: You are robust. (+10% HP) [demonic
                  | ancestry]
 20032 | Lair:5   | Reached XP level 13. HP: 99/115 MP: 19/19
 20917 | Lair:5   | Reached skill level 14 in Long Blades
 21426 | Orc:1    | Entered Level 1 of the Orcish Mines
 21426 | Orc:1    | Found Fimur's Antique Weapon Boutique.
 21430 | Orc:1    | Bought a steaming long sword for 263 gold pieces
 21430 | Orc:1    | Identified the +6 long sword of Destiny {venom, rElec rF-
                  | rCorr MP+9} (You bought it in a shop on level 1 of the
                  | Orcish Mines)
 21544 | Orc:2    | Entered Level 2 of the Orcish Mines
 21592 | Orc:1    | Noticed Sonja
 21772 | Orc:1    | Found a burning altar of Makhleb.
 22215 | Orc:2    | Noticed Azrael
 22227 | Orc:2    | Killed Azrael
 22319 | Orc:2    | Found a staircase to the Elven Halls.
 22323 | Orc:2    | Found Daqije's Book Shoppe.
 22527 | Orc:2    | Paralysed by an orc sorcerer for 5 turns
 22646 | Orc:2    | Found an ancient bone altar of Kikubaaqudgha.
 22697 | Orc:2    | Found Uroyshro's Antique Weapon Boutique.
 22721 | Orc:2    | Reached ****** piety under Okawaru
 22742 | Orc:2    | Noticed Erolcha
 22759 | Orc:2    | Found Dirghog's Jewellery Boutique.
 22793 | Orc:2    | Killed Erolcha
 22882 | Orc:2    | Found a radiant altar of Vehumet.
 22899 | Orc:2    | Found Loeley's Distillery.
 22907 | Orc:2    | Bought 2 potions of curing for 96 gold pieces
 22907 | Orc:2    | Bought a potion of heal wounds for 80 gold pieces
 22907 | Orc:2    | Bought a potion of curing for 48 gold pieces
 22907 | Orc:2    | Bought a potion of heal wounds for 80 gold pieces
 22907 | Orc:2    | Bought a potion of heal wounds for 80 gold pieces
 22907 | Orc:2    | Bought a potion of curing for 48 gold pieces
 22953 | Orc:2    | Found Genkel's Magic Scroll Shop.
 22964 | Orc:2    | Bought a scroll of acquirement for 728 gold pieces
 22966 | Orc:2    | Bought a scroll of enchant weapon for 105 gold pieces
 22966 | Orc:2    | Bought a scroll of enchant weapon for 105 gold pieces
 22967 | Orc:2    | Acquired a +2 vampiric great sword
 23430 | Swamp:1  | Entered Level 1 of the Swamp
 23496 | Swamp:1  | Noticed an eleionoma
 23524 | Swamp:1  | Killed an eleionoma
 24059 | Swamp:1  | Identified the +2 scale mail of Osumisuqu {-Cast rN++}
                  | (Okawaru gifted it to you on level 1 of the Swamp)
 24059 | Swamp:1  | Received a gift from Okawaru
 24182 | Swamp:1  | HP: 3/117 [poisoned by a swamp dragon (poison gas)]
 24301 | Swamp:1  | Gained mutation: You have razor-sharp toenails. [demonic
                  | ancestry]
 24301 | Swamp:1  | Reached XP level 14. HP: 89/125 MP: 18/20
 24450 | Swamp:1  | Noticed Frances
 24464 | Swamp:1  | Killed Frances
 24465 | Swamp:1  | Reached skill level 15 in Long Blades
 24697 | Swamp:1  | Found a runed translucent door.
 24697 | Swamp:1  | Noticed a ghoul
 24698 | Swamp:1  | Noticed Deodd's ghost (adept GrFi)
 24784 | Swamp:1  | Noticed a tentacled monstrosity
 24816 | Swamp:1  | Killed a tentacled monstrosity
 25265 | Swamp:2  | HP: 5/126 [alligator (9)]
 25269 | Swamp:2  | HP: 1/126 [alligator (4)]
 25269 | Swamp:2  | Demolished by an alligator

Illustrated notes

Levels and vault maps discovered:
D:1:      minmay_arrival_loop, layout_loops_ring,
          hellmonk_ecumenical_altar_watching_god, minmay_strange_pillars,
          bh_walls_and_bars
D:2:      layout_rooms, uniq_robin
D:3:      layout_basic, lightli_sewer_entry_pipes, minmay_misc_feat_iff,
          uniq_natasha
D:4:      layout_basic, grunt_temple_overflow_open,
          minmay_fractal_squares_gapless_5
D:5:      layout_rooms, minmay_temple_entry_fiery, serial_co_window_serial,
          co_window_paths_a, co_window_corner_a, co_window_cross_1,
          co_window_of_opportunity_a, co_window_paths_b, co_window_paths_a,
          co_window_unsneaky_path_c, co_window_broadway_c, co_window_broadway_b,
          co_window_broadway_a, co_window_of_opportunity_b, co_window_paths_e,
          glass_columns_c, glass_columns_b, glass_columns_a,
          chequers_mini_garden, uniq_edmund
D:6:      layout_basic, ebering_ghost_sewer_d, kennysheep_generic_room_16,
          uniq_sigmund
D:7:      cheibrodos_statue_roulette, layout_basic, jmf_multi_god_temple2
D:8:      layout_loops_ring, uniq_joseph, uniq_pikel
D:9:      layout_layer_cave, orc_0_dummy, uniq_gastronok
D:10:     layout_cave_pools, erik_lair_orcish_takeover, the_hattery
Temple:   dshaligram_water_room_temple
Lair:1:   layout_roguey, minmay_lair_oklob_chamber
Lair:2:   layout_cave_pods, minmay_snake_entry_guardpost_small,
          grunt_megastairs_4
Lair:3:   minmay_guarded_unrand_snakebite, layout_hall_layers, swamp_mist_pool
Lair:4:   layout_roguey, st_stairs_5, hangedman_lair_unloving_vines
Lair:5:   layout_gridlike, serial_bayou_shore_a, grunt_megastairs_3,
          lemuel_fruit_tree
Swamp:1:  cheibrodos_swamp_monstrosity, layout_basic_swamp,
          ebering_ghost_inner_flame, evilmike_swamp_ruin_house_1, uniq_frances
Swamp:2:  layout_falls_marsh, serial_swamp_ruin, evilmike_swamp_ruin_house_5,
          evilmike_swamp_ruin_house_6
Orc:1:    layout_caves, serial_shops, shop, basic_altar, uniq_sonja
Orc:2:    kennysheep_orc_mage_school, layout_caves, serial_shops, shop,
          uniq_azrael

Skill      XL: |  1  2  3  4  5  6  7  8  9 10 11 12 13 14 |
---------------+-------------------------------------------+-----
Armour         | 1 2 3 4 5 6 7 8 |  8.5
Long Blades    | 2 3 4 5 6 7 9 10 12 13 14 15 | 15.1
Fighting       | 3 4 6 7 8 9 10 11 12 | 12.1
Invocations    | 2 5 7 8 |  8.9
Dodging        | 3 6 7 8 |  8.1
Throwing       | |  0.8
Spellcasting   | |  2.0
Translocations | |  2.6

Action                   |  1- 3 |  4- 6 |  7- 9 | 10-12 | 13-15 || total
-------------------------+-------+-------+-------+-------+-------++-------
Melee: Falchion          |    99 |   260 |       |       |       ||   359
       Kick              |    22 |    67 |    77 |    54 |       ||   220
       Long sword        |       |    16 |   236 |   681 |    16 ||   949
       Punch             |       |       |       |     1 |       ||     1
       Double sword      |       |       |       |     7 |   290 ||   297
       Great sword       |       |       |       |       |   130 ||   130
Invok: Renounce Religion |     1 |       |       |       |       ||     1
       Heroism           |       |       |     4 |     8 |     3 ||    15
       Finesse           |       |       |       |     2 |     4 ||     6
Evoke: Wand              |       |     2 |       |       |       ||     2
  Use: Scroll            |       |     8 |     6 |    12 |     8 ||    34
       Potion            |       |       |     1 |     3 |    18 ||    22
Armor: Leather armour    |     5 |       |       |       |       ||     5
       Ring mail         |    22 |    82 |       |       |       ||   104
       Chain mail        |       |     9 |   102 |    10 |    99 ||   220
       Scale mail        |       |     2 |       |       |       ||     2
       Plate armour      |       |       |       |   274 |    84 ||   358
       Swamp dragon scal |       |       |       |       |    37 ||    37
Dodge: Dodged            |    92 |   188 |    94 |   237 |   267 ||   878
       Rpst.: Falchion   |    27 |    60 |       |       |       ||    87
       Long sword        |       |     1 |    28 |    55 |     2 ||    86
       Double sword      |       |       |       |     1 |    32 ||    33
       Great sword       |       |       |       |       |    19 ||    19

Table legend: (Time is in decaauts)
 A = Elapsed time spent in this place.
 B = Non-inter-level travel time spent in this place.
 C = Inter-level travel time spent in this place.
 D = Time resting spent in this place.
 E = Time spent auto-exploring this place.
 F = Levels seen in this place.
 G = Mean time per level.
                   A        B        C        D        E       F      G
               +--------+--------+--------+--------+--------+-----+--------+
         Total |  25284 |  24209 |   1075 |   3422 |  15451 |  21 | 1204.0 |
       Dungeon |  13859 |  13288 |    571 |   1452 |   8907 |  10 | 1385.9 |
        Temple |    132 |    110 |     22 |      0 |    100 |   1 |  132.0 |
          Lair |   6661 |   6293 |    368 |    961 |   4151 |   5 | 1332.2 |
         Swamp |   1878 |   1867 |     11 |    893 |    639 |   2 |  939.0 |
  Orcish Mines |   1824 |   1722 |    102 |     54 |   1003 |   2 |  912.0 |
         Sewer |    928 |    928 |      0 |     62 |    651 |   1 |  928.0 |
               +--------+--------+--------+--------+--------+-----+--------+

Top non-repeatable levels by time:
     D:5: 1926 daAuts
  Lair:1: 1895 daAuts
 Swamp:1: 1865 daAuts
     D:8: 1763 daAuts
     D:7: 1669 daAuts
   Orc:2: 1578 daAuts
     D:9: 1485 daAuts
     D:3: 1392 daAuts
     D:1: 1358 daAuts
  Lair:2: 1275 daAuts
  Lair:5: 1258 daAuts
     D:6: 1172 daAuts
  Lair:4: 1144 daAuts
     D:2: 1120 daAuts
  Lair:3: 1086 daAuts
